Map: [ESL] Oceanborn

Players

DnS

  • Race: Protoss Protoss
  • Spawn Location: 11:00

MaNa - Winner!

  • Race: Protoss Protoss
  • Spawn Location: 5:00

Event: ESL SC2 Masters 2023 Winter (Finals)

VOD

Have the link to the VOD?

Description

Time

  • Played on: Dec. 15, 2023, 10:21 a.m.
  • Length: 8:00

All games in this series

Show
View Real Time Build Order
Export as new Build Order

DnS Protoss 

Build Orders: Oracle Opening 

Get SALT Encoding   

  12  0:00  Probe  
  13  0:12  Probe  
  14  0:17  Pylon  
  14  0:24  Probe (Chrono Boost)  
  15  0:36  Probe (Chrono Boost)  
  15  0:37  Gateway  
  16  0:44  Probe (Chrono Boost)  
  16  0:46  Assimilator  
  17  0:51  Probe  
  17  0:55  Assimilator  
  18  1:03  Probe (Chrono Boost)  
  19  1:08  Gateway  
  19  1:12  Probe (Chrono Boost)  
  19  1:17  Probe (Chrono Boost)  
  20  1:25  Cybernetics Core  
  21  1:30  Probe  
  22  1:37  Pylon  
  22  1:42  Probe  
  23  2:02  Stargate  
  23  2:05  Stalker  
  25  2:10  Stalker  
  27  2:15  Warp Gate  
  27  2:20  Pylon  
  27  2:24  Probe  
  27  2:42  Oracle (Chrono Boost)  
  34  3:05  Shield Battery  
  29  3:13  Stalker  
  31  3:20  Shield Battery  
  31  3:21  Probe  
  32  3:29  Nexus  
  32  3:36  Probe  
  33  3:45  Oracle (Chrono Boost)  
  33  3:48  Probe  
  37  3:52  Robotics Facility  
  37  4:01  Pylon  
  37  4:02  Probe  
  38  4:16  Probe  
  39  4:19  Phoenix (Chrono Boost)  
  41  4:28  Probe  
  41  4:30  Sentry, Stalker  
  46  4:40  Probe (Chrono Boost)  
  46  4:42  Observer  
  49  4:46  Probe (Chrono Boost)  
  49  4:51  Probe (Chrono Boost)  
  50  4:55  Probe (Chrono Boost)  
  50  4:56  Probe (Chrono Boost)  
  52  5:05  Probe (Chrono Boost)  
  54  5:07  Probe (Chrono Boost)  
  54  5:08  Stalker x2  
  58  5:17  Probe (Chrono Boost)  
  58  5:21  Pylon x2  
  60  5:24  Probe (Chrono Boost)  
  60  5:26  Probe (Chrono Boost)  
  61  5:31  Probe (Chrono Boost)  
  61  5:33  Shield Battery  
  62  5:35  Pylon  
  62  5:37  Immortal (Chrono Boost)  
  62  5:39  Probe  
  67  5:43  Stalker  
  67  5:44  Stalker  
  71  5:53  Probe  
  71  5:55  Probe  
  77  6:11  Immortal  
  77  6:15  Observer, Probe x2  
  77  6:17  Assimilator  
  79  6:25  Stalker  
  81  6:28  Nexus, Probe  
  81  6:32  Pylon  
  82  6:34  Twilight Council  
  82  6:43  Stalker  
  81  6:53  Stalker  
  82  6:54  Probe x2  
  82  7:02  Shield Battery  
  82  7:06  Probe x2  
  82  7:07  Twilight Council  
  82  7:12  Zealot  
  76  7:16  Immortal (Chrono Boost)  
  76  7:18  Probe x2  
  76  7:21  Pylon  
  76  7:28  Stalker  
  74  7:34  Pylon  
  65  7:44  Gateway  
  65  7:47  Gateway  
  65  7:48  Gateway, Stalker  
  65  7:49  Zealot  
  65  7:50  Gateway  
Show
View Real Time Build Order
Export as new Build Order

MaNa Protoss - Winner!

Build Orders: Oracle Opening 

Get SALT Encoding   

  12  0:00  Probe  
  13  0:12  Probe  
  14  0:16  Pylon  
  14  0:24  Probe (Chrono Boost)  
  15  0:36  Gateway, Probe (Chrono Boost)  
  16  0:44  Probe (Chrono Boost)  
  16  0:45  Assimilator  
  17  0:51  Probe  
  18  1:03  Probe (Chrono Boost)  
  19  1:04  Assimilator  
  19  1:09  Gateway  
  19  1:13  Probe (Chrono Boost)  
  19  1:17  Probe (Chrono Boost)  
  20  1:24  Cybernetics Core  
  21  1:29  Probe  
  22  1:37  Pylon  
  22  1:41  Probe  
  23  1:55  Probe  
  23  2:00  Adept x2  
  23  2:01  Warp Gate  
  28  2:07  Probe  
  29  2:10  Pylon  
  29  2:16  Stargate  
  29  2:20  Probe  
  30  2:32  Probe  
  31  2:39  Stalker x2  
  35  2:49  Probe  
  36  2:57  Pylon  
  36  2:59  Oracle (Chrono Boost)  
  39  3:15  Probe  
  38  3:27  Robotics Facility  
  38  3:32  Probe  
  39  3:40  Nexus  
  39  3:45  Probe  
  39  3:46  Oracle (Chrono Boost)  
  42  3:57  Probe  
  42  3:58  Pylon  
  43  4:09  Probe  
  44  4:16  Immortal  
  48  4:25  Probe  
  48  4:27  Stalker  
  48  4:30  Pylon  
  51  4:34  Stalker  
  53  4:39  Probe  
  54  4:51  Probe  
  55  4:53  Immortal (Chrono Boost)  
  55  4:58  Probe  
  57  5:09  Probe  
  57  5:10  Probe  
  58  5:21  Probe  
  58  5:22  Warp Prism (Chrono Boost)  
  58  5:24  Sentry x2  
  58  5:25  Probe  
  66  5:33  Probe  
  67  5:37  Probe  
  67  5:38  Phoenix  
  70  5:45  Probe  
  70  5:49  Probe  
  72  5:50  Assimilator, Forge  
  72  5:57  Probe  
  72  6:01  Observer, Assimilator  
  75  6:11  Adept x2  
  78  6:26  Nexus  
  78  6:27  Gateway  
  78  6:28  Gateway  
  78  6:33  Pylon  
  78  6:51  Probe x2  
  77  6:57  Adept x2  
  81  7:03  Probe x2  
  79  7:15  Probe  
  79  7:17  Immortal  
  79  7:23  Stalker x3  
  81  7:38  Probe x3  
  81  7:41  Zealot, Twilight Council  
  86  7:49  Zealot x3  
Tags
 
Add a new tag
Caveats
  • Supply blocks, unpowered buildings, or Contaminate may cause inaccurate times.
  • Supply counts are checked every 10 seconds.